[Event "13th Chennai Open 2022"]
[Site "Chennai"]
[Date "2022.06.25"]
[Round "9.13"]
[White "Rohit S"]
[Black "Tran, Tuan Minh"]
[Result "1/2-1/2"]
[ECO "B33"]
[WhiteElo "2141"]
[BlackElo "2533"]
[Annotator "TA"]
[PlyCount "105"]
[EventDate "2022.06.19"]
[EventType "swiss"]
[EventCountry "IND"]
[SourceTitle "playchess.com"]
[Source "ChessBase"]
[SourceQuality "1"]
[TimeControl "5400+30"]

1. e4 c5 2. Nf3 Nc6 3. d4 cxd4 4. Nxd4 Qb6 5. Nb3 Nf6 6. Nc3 e6 7. a3 Be7 8. Be3 $1 {[%emt 0:01:36] 8.Be3 scores better than 8.Bf4.} Qc7 9. f4 O-O {[%emt 0:00:33][%cal Od7d5] B33: Sicilian: Pelikan and Sveshnikov Variations.} 10. Bd3 d6 11. Qe2 a6 {[%emt 0:00:05] White has an edge.} 12. g4 b5 {[%emt 0:00:33] [#]} 13. g5 $146 ({Predecessor:} 13. Na2 e5 14. g5 exf4 15. Bxf4 Ng4 16. Qg2 f6 17. g6 hxg6 18. O-O-O g5 19. Bd2 {0-1 (25) Henkel,A (1660)-Sperlin,M (2170) IECG email 2006}) 13... Ne8 14. f5 b4 15. axb4 Nxb4 16. Rg1 Nxd3+ 17. Qxd3 d5 18. f6 Bb4 19. exd5 a5 20. Bd2 {[%emt 0:22:09] 0x0.00222977c817dp-1022s more active pieces.} (20. fxg7 $1 $16 Nxg7 21. d6 Qxd6 22. Qxd6 Bxd6 23. Ne4 Bxh2 24. Nf6+ (24. Rh1 Be5 $11) 24... Kh8 25. Rh1 Bg3+ 26. Bf2 Bxf2+ 27. Kxf2) 20... Ba6 (20... Bxc3 21. Bxc3 g6 22. O-O-O $16) (20... a4 $11) 21. Qe3 Nd6 22. dxe6 Nc4 23. Qg3 Bd6 (23... Qxg3+ $142 24. Rxg3 fxe6) 24. Qh3 $1 $16 Nxb2 {[%emt 0:16:52] [#]} 25. fxg7 $2 (25. Rxa5 $6 Rfe8 26. g6 (26. e7 Bb4 $16) 26... hxg6 27. Rxg6 (27. fxg7 $2 Rxe6+ 28. Kf2 Kxg7 $19) 27... Rxe6+ 28. Qxe6 fxe6 $14) ({White should try} 25. Rg4 $1 $16 ) 25... Rfe8 $11 26. Nd5 {[%emt 0:00:31] Threatening mate with Nf6+.} Qxc2 27. Nf6+ Kxg7 28. Nxe8+ Kf8 $1 29. Qh6+ $1 (29. Nxd6 $2 Nd3+ 30. Kf1 (30. Qxd3 $2 Qxd3 31. Kf2 Qxd6 $19) 30... Nf4+ 31. Ke1 Nxh3 $19) 29... Kxe8 30. exf7+ Ke7 31. Qf6+ (31. Rg3 $5 Bxg3+ 32. hxg3 Qxb3 33. Qf6+ Kd7 34. Qd4+ Ke7 35. Qf6+ Kd7 36. Qd4+ Ke7 37. Qf6+ $11) 31... Kd7 32. Qe6+ Kxe6 33. Nd4+ Kxf7 {[%emt 0:00:07] ( -> ...Qe4+)} 34. Nxc2 Re8+ 35. Be3 Bxh2 36. Rg4 Be5 {[%emt 0:00:05][%mdl 1024] Black has compensation.} 37. Ra2 {[%emt 0:01:25] [#]} ({Wrong is} 37. g6+ $2 hxg6 38. Kd2 Nc4+ 39. Rxc4 Bxc4 40. Rxa5 Rd8+ 41. Kc1 Ke6 $19) (37. Kd2 $1 $11 {keeps the balance.}) 37... Bc3+ (37... Bc8 $1 $17 38. Rg1 Be6) 38. Kf2 {[%emt 0:00:05] The position is equal.} Nd1+ 39. Kf3 Bd3 {[%emt 0:01:15] ...Bxc2 is the strong threat.} 40. Rf4+ Kg6 41. Bd4 Bd2 42. Ne3 {[%emt 0:02:42] Chess con chili.} Bxe3 {[%emt 0:00:26] A strong pair of Bishops.} 43. Rf6+ Kg7 (43... Kh5 $5 44. Rh2+ Kxg5 45. Rg2+ Kh5 46. Rh2+ Kg5 47. Rg2+ Kh5 48. Rh2+ Kg5 $11) 44. Re6+ $1 Bxd4 45. Rxe8 {[%emt 0:00:05] Strongly threatening Rd8.} Bc3 46. Rh2 Nb2 47. Re3 {[%emt 0:00:20] Black must now prevent Kg4.} a4 {[%emt 0:00:18] [#]} 48. Rxb2 $1 {[%emt 0:00:05][%mdl 64] Remove Defender} Bxb2 49. Rxd3 a3 {[%emt 0:00:07] aiming for ...a2.} 50. Rd7+ Kg6 {[%emt 0:00:01] Hoping for ...a2.} 51. Ra7 {[%emt 0:00:02] Threatens to win with Kg4.} Kxg5 52. Rxa3 Bxa3 53. Kg2 {[%emt 0:00:01] Weighted Error Value: White=0.16 (very precise) /Black=0.14 (very precise)} 1/2-1/2

[Event "13th Chennai Open 2022"]
[Site "Chennai"]
[Date "2022.06.25"]
[Round "9.14"]
[White "Dinesh Kumar Jaganathan"]
[Black "Srijit Paul"]
[Result "1/2-1/2"]
[ECO "C40"]
[WhiteElo "1974"]
[BlackElo "2399"]
[Annotator "TA"]
[PlyCount "86"]
[EventDate "2022.06.19"]
[EventType "swiss"]
[EventCountry "IND"]
[SourceTitle "playchess.com"]
[Source "ChessBase"]
[SourceQuality "1"]
[TimeControl "5400+30"]

1. Nf3 f5 2. d3 Nc6 3. e4 e5 4. exf5 d5 5. d4 e4 $1 6. Ne5 {[%emt 0:00:09] C40: Latvian and Elephant Gambits.} Nxe5 7. dxe5 {[%emt 0:00:58] [#] Qh5+ is the strong threat.} Bxf5 {[%emt 0:00:10] [#]} 8. Be3 $146 {[%emt 0:04:07] Against Bc5. Black is slightly better.} ({Predecessor:} 8. Be2 Qd7 9. O-O O-O-O 10. c3 Ne7 11. Be3 Kb8 12. b4 Ng6 13. b5 Qe8 14. Nd2 Nxe5 {0-1 (45) Adel Lahchaichi,O (2316)-Narciso Dublan,M (2468) Torredembarra 2018}) 8... Bb4+ 9. c3 Ba5 $1 10. Be2 Ne7 11. Bh5+ Bg6 12. Bg5 Qd7 13. Bxe7 Bxh5 ({Black should play} 13... Kxe7 $17 14. O-O c6) 14. Qxh5+ $11 g6 15. Qe2 Kxe7 16. O-O Qf5 17. f4 (17. Qb5 $11 {remains equal.} Bb6 18. c4 (18. Qxd5 e3 $17)) 17... Raf8 $17 18. Nd2 g5 19. g3 (19. Kh1 $17 {keeps fighting.} c6 20. g4) 19... gxf4 20. Rxf4 Qxe5 (20... Bb6+ $19 21. Kh1 Qg6) 21. Nc4 Bb6+ (21... dxc4 $2 22. Rxe4 Qxe4 23. Qxe4+ Kd8 24. Qxb7 Bb6+ 25. Kh1 $18) 22. Nxb6 (22. Kh1 $142 Qe6 23. Nxb6 axb6 24. Rh4) 22... axb6 ({And not} 22... cxb6 23. Rh4 $11) ({Weaker is} 22... Rxf4 23. gxf4 Qg7+ 24. Kh1 axb6 25. c4 $17) 23. Raf1 h5 {[%emt 0:03:02] Against Qg4} (23... Rxf4 $17 24. Rxf4 Rf8) 24. Qe3 (24. R4f2 $15) 24... Rxf4 $19 25. Rxf4 {[%emt 0:00:06][%cal Oc3c4][%mdl 4096] Endgame KQR-KQR} Rg8 (25... Rf8 $142 {And now ...Rxf4 would win.} 26. Rxf8 Kxf8 27. Qh6+ Ke7 28. Qh7+ Kd6 29. Qh6+ Kd7 30. Qh7+ Kd6 31. Qh6+ Kd7) 26. c4 $17 c6 ({Better is} 26... Rg4 $15 27. cxd5 Rxf4 28. Qxf4 Kd6) 27. cxd5 $11 {[%emt 0:01:46] The position is equal.} cxd5 28. Rf2 Rg6 29. Qa3+ Qd6 {[%emt 0:05:44] [#] Threatens to win with ...Qxa3.} (29... Kd8 30. Rf7 (30. Qa8+ Kc7 $11) 30... Rc6 31. Qa8+ Rc8 32. Rf8+) 30. Qa8 Rf6 {[%emt 0:09:06] aiming for ...Qc5.} (30... Qc5 $2 31. Qf8+ Kd7 32. Qf7+ Kc6 33. Qxg6+ $18) 31. Qxb7+ Kf8 32. Rxf6+ Qxf6 33. Qxd5 {[%emt 0:00:14] KQ-KQ} e3 {[%emt 0:01:06] Prevents Qd2. ( -> ...Qf2+)} 34. Qg2 {[%emt 0:00:21] Against Qf2+} Kg7 35. Qe2 Qe5 36. a4 Qd4 37. b4 Qd2 38. Kf1 Qc1+ 39. Kg2 {[%emt 0:00:17] Black must now prevent b5.} Qc6+ 40. Kg1 Qc1+ 41. Kg2 {[%emt 0:00:18] Strongly threatening b5.} Qc6+ 42. Kg1 Qc1+ 43. Kg2 {[%emt 0:00:07] Hoping for b5.} Qc6+ {[%emt 0:00:24] White happily takes the draw.  Weighted Error Value: White=0.17 (very precise) /Black=0.12 (very precise)} 1/2-1/2

[Event "13th Chennai Open 2022"]
[Site "Chennai"]
[Date "2022.06.25"]
[Round "9.15"]
[White "Nguyen, Duc Hoa"]
[Black "Priyankara, Chamil"]
[Result "1-0"]
[ECO "A64"]
[WhiteElo "2398"]
[BlackElo "1938"]
[Annotator "TA"]
[PlyCount "85"]
[EventDate "2022.06.19"]
[EventType "swiss"]
[EventCountry "IND"]
[SourceTitle "playchess.com"]
[Source "ChessBase"]
[SourceQuality "1"]
[TimeControl "5400+30"]

1. d4 Nf6 2. c4 g6 3. Nc3 Bg7 4. Nf3 O-O 5. g3 d6 6. Bg2 c5 7. d5 e6 8. O-O exd5 9. cxd5 a6 10. a4 Re8 11. Nd2 {[%emt 0:00:17] 11.Re1 deserves study.} Nbd7 12. h3 Nh5 (12... Rb8 $5 ) 13. a5 {[%emt 0:07:30] A64: Modern Benoni: Fianchetto Variation: 9...Nbd7 10 Nd2 a6 11 a4 Re8.} b5 {[%emt 0:09:40] Prevents Nc4.} 14. axb6 $1 Nxb6 15. Nb3 {[%emt 0:00:58] White is slightly better.} Nc4 $1 {[%emt 0:08:23] [#]} 16. Ra4 $146 ({Predecessor:} 16. Qd3 Ne5 17. Qc2 Bd7 18. Na5 Bb5 19. Kh2 Qb6 20. f4 Nd7 21. Re1 c4 22. e4 {1-0 (39) Fominykh,M (2259)-Voit,D (2340) Moscow 2019}) 16... Nb6 17. Ra2 Nc4 $1 {[%emt 0:09:23] Against Na5} 18. Qd3 Ne5 19. Qc2 Bf5 (19... a5 $11) 20. Qd1 (20. e4 $5 Bd7 21. g4 $11) 20... Bd7 (20... a5 $11) 21. Na5 $14 Bb5 22. Qc2 f5 23. Rd1 Qd7 24. b3 Qf7 25. Nc6 (25. e3 $1 $16) 25... f4 $11 26. g4 f3 {[%emt 0:00:26] ...fxe2 is the strong threat.} 27. Nxb5 axb5 28. Rxa8 {[%emt 0:00:07] Dancing on a razor blade.} Rxa8 29. exf3 {[%emt 0:01:05] Threatens to win with Nxe5.} Nf4 30. Qe4 Ra1 (30... g5 $11) 31. Rf1 $1 $16 Ned3 (31... Nxd5 $2 32. Qxd5 $3 (32. Nd8 Nc3 $14) 32... Qxd5 33. Ne7+ Kf7 34. Nxd5 $18) 32. Bxf4 Nxf4 33. Nd8 $36 {[%emt 0:00:10][%mdl 2048] White has some pressure.} Qd7 ({Better is} 33... Rxf1+ $14 34. Bxf1 Qf6) 34. Ne6 $18 ({Weaker is} 34. Qxf4 Qxd8 35. Rxa1 Bxa1 $14) 34... Nxg2 (34... Rxf1+ $2 35. Bxf1 Nxe6 36. dxe6 $18) 35. Rxa1 ({Don't do} 35. Kxg2 Ra3 $16) 35... Bxa1 36. Kxg2 {[%emt 0:00:03][%mdl 4096] Endgame KQB-KQN} Qc8 (36... b4 $142 37. f4 Bg7) 37. Qe1 Bf6 38. g5 Bh8 {[%emt 0:00:22] [#]} 39. Nf4 {[%emt 0:05:24] White is more active.} ({White should play} 39. Qa5 $1 $16 Qb8 40. Qa6) 39... c4 (39... Be5 $1 $11 {keeps the balance.} 40. Ne6 c4) 40. bxc4 $16 bxc4 41. Qe7 Be5 $2 {[%emt 0:05:27][%mdl 8192] [#]} (41... c3 $14) 42. Ne6 $1 $18 {[%emt 0:00:15] Strongly threatening Nd8.} Qa8 43. Nd8 {[%emt 0:00:27] Weighted Error Value: White=0.16 (very precise) /Black=0.26 (precise)} 1-0

[Event "13th Chennai Open 2022"]
[Site "Chennai"]
[Date "2022.06.25"]
[Round "9.16"]
[White "Ghosh Samriddhaa"]
[Black "Hari Madhavan N B"]
[Result "0-1"]
[ECO "B36"]
[WhiteElo "1844"]
[BlackElo "2374"]
[Annotator "TA"]
[PlyCount "104"]
[EventDate "2022.06.19"]
[EventType "swiss"]
[EventCountry "IND"]
[SourceTitle "playchess.com"]
[Source "ChessBase"]
[SourceQuality "1"]
[TimeControl "5400+30"]

1. e4 c5 2. Nf3 g6 3. d4 cxd4 4. Nxd4 Nc6 5. c4 Nf6 6. Nc3 d6 7. Be2 Nxd4 8. Qxd4 Bg7 9. Be3 O-O 10. Qd2 a5 11. O-O a4 12. Bd4 {[%emt 0:00:00] outshines the older 12.f3.} Be6 13. Qe3 {[%emt 0:00:00] B36: Sicilian: Maroczy Bind: Gurgenidze System.} Nd7 14. Bxg7 Kxg7 15. Nd5 {[%emt 0:00:00] The position is equal.} Bxd5 16. exd5 Qb6 17. Qc3+ {[%emt 0:00:00] [#]} Kg8 $146 ({Predecessor:} 17... Ne5 18. Kh1 Qa5 19. Qd4 Qa7 20. Qc3 Qa5 21. Qd4 Qa7 22. Qc3 Qa5 {½-½ (22) Azarov,S (2571)-Timofeev,A (2658) Dresden 2007}) 18. Rae1 Qc5 19. Kh1 Rfe8 20. f4 Rac8 21. Bd3 b5 22. f5 (22. b4 $15 axb3 23. axb3) 22... Ne5 $17 {[%emt 0:02:02][%cal Rb5c4] White is on the road to losing.} 23. fxg6 hxg6 24. Bb1 (24. Re4 $17) 24... Qxc4 $19 25. Qd2 {[%emt 0:00:23] [#] And now Rf4 would win.} Kg7 26. Rf4 Qc5 27. h3 a3 28. bxa3 (28. Rb4 $17) 28... Qxa3 29. Qf2 Rc1 30. Kh2 {[%emt 0:00:25][%cal Oe1e5] [#] Black must now prevent Rxe5!} Rxe1 31. Qxe1 Rc8 {[%emt 0:00:12] Hoping for ...Rc1.} 32. Rb4 $2 (32. Qd2) 32... Rc5 {[%emt 0:00:37] Threatens to win with ...Rc3.} 33. Rb3 Qa8 34. Qh4 f6 35. Be4 $2 (35. Qd4) 35... Qxa2 36. Qg3 Qa4 37. Re3 Rc7 38. h4 (38. Bd3 $142 g5 39. Be2) 38... Qd1 {[%emt 0:00:09] ...Ng4+ is the strong threat.} 39. Bf5 {[%emt 0:00:43] Prevents Ng4+.} Qh5 (39... Rc1 $142 40. Re1 Qxe1 41. Qxe1 Rxe1) 40. Be6 Rc4 41. Ra3 Qxh4+ (41... f5 $142 42. Bxf5 b4) 42. Qxh4 Rxh4+ {[%emt 0:00:06][%mdl 4096] Endgame KRB-KRN} 43. Kg3 Ra4 44. Rb3 b4 {[%emt 0:00:08] ( -> ...Ra3)} 45. Kh4 f5 (45... Ra3 $142 46. Rg3 Rxg3 47. Kxg3 b3 48. Kh3 b2 49. Kg3 b1=Q 50. Kf2 Qc2+ 51. Kg1 f5 52. Bxf5 gxf5 53. Kf1 Ng4 54. Ke1 Qf2+ 55. Kd1 Ne3+ 56. Kc1 Qc2#) 46. Kg5 Ra2 47. g4 Rg2 48. Rxb4 Rxg4+ {[%emt 0:00:07] Black mates.} 49. Rxg4 Nxg4 50. Bd7 Ne5 51. Be6 Nf7+ 52. Kf4 Kf6 {[%emt 0:00:07] Weighted Error Value: White=1.04/Black=0.68} 0-1

[Event "13th Chennai Open 2022"]
[Site "Chennai"]
[Date "2022.06.25"]
[Round "9.17"]
[White "Karthikeyan, P.."]
[Black "Arpith S Bijoy"]
[Result "1-0"]
[ECO "B12"]
[WhiteElo "2361"]
[BlackElo "1713"]
[Annotator "TA"]
[PlyCount "81"]
[EventDate "2022.06.19"]
[EventType "swiss"]
[EventCountry "IND"]
[SourceTitle "playchess.com"]
[Source "ChessBase"]
[SourceQuality "1"]
[TimeControl "5400+30"]

1. e4 c6 2. d4 d5 3. e5 c5 4. dxc5 Nc6 5. Nf3 e6 6. Be3 {[%emt 0:00:52] B12: Caro-Kann: Advance Variation.} Nge7 7. Bd3 Qc7 ({Better is} 7... Ng6 $14) 8. Nc3 $16 {[%emt 0:03:30][%cal Bb1c3,Bc3a4,Ba4b6][%mdl 32] White is clearly better.} a6 {[%emt 0:11:19] Inhibits Nb5.} 9. O-O {[%emt 0:06:20] [#] White is more active.} Ng6 $146 ({Predecessor:} 9... Nxe5 10. Nxe5 Qxe5 11. Bd4 Qc7 12. Re1 Bd7 13. b4 f6 14. Qh5+ Kd8 15. Qf7 e5 16. Nxd5 Nxd5 17. Qxd5 {1-0 (28) Idani,P (2638)-Chapman,T (2240) Reykjavik 2022}) 10. Re1 Be7 11. Na4 Bd7 12. c4 d4 {[%emt 0:03:13] [#]} 13. Bd2 (13. Nxd4 Rd8 $16) (13. Bxd4 $6 Nxd4 14. Nxd4 Nxe5 $11) (13. Bg5 $1 $16) 13... O-O $2 {[%emt 0:08:55] This costs Black the game.} ({Black should try} 13... Ncxe5 $14 14. Nxe5 Nxe5) 14. Nb6 $18 Rad8 15. b4 Ncxe5 16. Nxe5 Nxe5 {[%emt 0:00:09] [#]} 17. Bf4 $1 f6 18. Qh5 g6 19. Bxe5 fxe5 20. Qxe5 $40 {[%emt 0:07:57][%mdl 128] Black is in trouble.} Qxe5 21. Rxe5 Kf7 22. Rae1 Bf6 23. Nxd7 Rxd7 24. Rxe6 a5 25. a3 ({Don't take} 25. bxa5 Ra8 26. a6 Rxa6 27. Rxa6 bxa6) 25... axb4 26. axb4 Rc7 (26... Ra8 $142 27. Rb6 Ra3) 27. Rb6 Ra8 28. Be4 {[%emt 0:00:40] And now Bd5+ would win.} Ra7 29. g3 Kg7 30. Bd5 h5 $2 (30... d3 31. Rd1 Ra1 32. Rxa1 Bxa1 33. Bxb7 (33. Rxb7 Rxb7 34. Bxb7 Bc3 $18) 33... Rd7) 31. Ree6 Rf7 32. Red6 Ra1+ 33. Kg2 Rf8 {[%emt 0:00:07] White is clearly winning.} 34. Rxb7+ Kh6 35. h4 {[%emt 0:04:31] Threatens to win with Rdd7.} Ra2 36. Rdd7 Rh8 {[%emt 0:00:24] Prevents Rh7+.} 37. Rf7 Be5 38. Rbe7 Re2 39. Bf3 Re1 40. c6 {[%emt 0:00:51][%cal Bc5c6,Bc6c7][%mdl 32] Threatening mate with c7.} d3 41. c7 {[%emt 0:00:10] Weighted Error Value: White=0.12 (very precise) /Black=0.48} 1-0

[Event "13th Chennai Open 2022"]
[Site "Chennai"]
[Date "2022.06.25"]
[Round "9.18"]
[White "Abdyjapar, Asyl"]
[Black "Shree Ganesh Muthu Annamalai"]
[Result "1/2-1/2"]
[ECO "E94"]
[WhiteElo "2346"]
[BlackElo "1803"]
[Annotator "TA"]
[PlyCount "85"]
[EventDate "2022.06.19"]
[EventType "swiss"]
[EventCountry "IND"]
[SourceTitle "playchess.com"]
[Source "ChessBase"]
[SourceQuality "1"]
[TimeControl "5400+30"]

1. d4 d6 2. c4 Nf6 3. Nc3 Nbd7 4. Nf3 g6 5. e4 e5 6. Be2 Bg7 7. O-O O-O 8. Be3 Qe7 9. d5 Ng4 {[%emt 0:00:00] 9...c5 gains popularity. E94: King's Indian: Classical: 6 Be2 e5 7 0-0: Various Black 7th moves.} 10. Bg5 f6 11. Bh4 Nh6 {[%emt 0:00:00][%cal Bg4h6,Bh6f5,Bf5e3][%mdl 32] White is slightly better. is the legacy move (11...h5).} 12. Nd2 g5 13. Bg3 f5 14. exf5 {[%emt 0:00:41] [#]} Nxf5 $146 ({Predecessor:} 14... Nf6 15. Bd3 Nxf5 16. Nde4 Nxe4 17. Bxe4 Bd7 18. Qd3 h6 19. f3 Kh8 20. Bf2 a6 {1-0 (42) Popov,V (2430)-Gelman,A (2415) Krasnodar 1997}) 15. Nde4 h6 16. Bd3 Nf6 17. Nxf6+ Qxf6 18. Ne4 Qg6 19. f3 (19. Qd2 $11 {keeps the balance.}) 19... Ne3 $1 $17 20. Qe2 (20. Qb3 $142) 20... Nxf1 21. Rxf1 Bf5 22. h3 h5 23. Be1 Bxe4 (23... g4 $17 24. fxg4 hxg4 25. Rxf5 Rxf5 26. hxg4 Rf4) 24. Bxe4 $11 Qf6 25. g4 (25. Bd2 $11) 25... hxg4 $17 26. hxg4 Kf7 27. Bg3 Rh8 28. Kg2 Rh6 (28... b6 $17 29. Qc2 a5) 29. c5 $15 Rd8 ({Black should try} 29... Bf8 $15) 30. Rc1 {[%emt 0:00:00] Active counter play!} Bf8 31. b4 Be7 32. Qb5 Rdh8 {[%emt 0:00:00] And now ...Rh3 would win.} 33. Qd7 Rh3 34. Bf5 {[%emt 0:00:00] [#]} (34. Rb1 $15) 34... dxc5 (34... Qh6 $1 $17 {[%cal Oh3g3] ( -> ...Rxg3+!)} 35. Qe6+ (35. Kf2 Rd8 $17) 35... Qxe6 36. Bxe6+ Kf6) 35. bxc5 $11 {[%emt 0:09:00] The position is equal.} Qa6 36. Rc2 {[%emt 0:00:00] Inhibits Qe2+. Strongly threatening d6. Really sharp!} Rxg3+ 37. Kxg3 {[%emt 0:00:00] Intending d6 and mate.} Qf1 (37... Qh6 $5 38. Qe6+ (38. Qxc7 {is a self mate.} Qh4+ 39. Kg2 Qh1+ 40. Kf2 Rh2+ 41. Ke3 Qg1+) 38... Qxe6 39. Bxe6+ Kf6 $11) 38. Bg6+ $1 Kxg6 {[%emt 0:00:45][%csl Gf1][%cal Rh8h3] [#]} 39. Qe6+ $1 Bf6 40. Qf5+ Kg7 41. Qd7+ Kf8 42. Qc8+ Kg7 43. Qd7+ {[%emt 0:00:00] Weighted Error Value: White=0.18 (very precise) /Black=0.14 (very precise)} 1/2-1/2

[Event "13th Chennai Open 2022"]
[Site "Chennai"]
[Date "2022.06.26"]
[Round "10.1"]
[White "Fedorov, Alexei"]
[Black "Nitin, S.."]
[Result "1/2-1/2"]
[ECO "B90"]
[WhiteElo "2529"]
[BlackElo "2399"]
[Annotator "TA"]
[PlyCount "20"]
[EventDate "2022.06.19"]
[EventType "swiss"]
[EventCountry "IND"]
[SourceTitle "playchess.com"]
[Source "ChessBase"]
[SourceQuality "1"]
[TimeControl "5400+30"]

1. e4 c5 2. Nc3 a6 3. Nf3 d6 4. d4 cxd4 5. Nxd4 Nf6 6. Be3 Ng4 {[%emt 0:00:09] [#]} 7. Bc1 $146 ({Predecessor:} 7. Bg5 h6 8. Bh4 g5 9. Bg3 Bg7 10. h3 Ne5 11. Nf5 Bxf5 12. exf5 Nbd7 13. Be2 Rc8 14. O-O O-O 15. Re1 Nf6 16. Bxe5 dxe5 17. Bd3 Qc7 18. Ne4 Rfd8 19. Qf3 {1-0 (63) Shankland,S (2718)-Salem,A (2679) Prague 2022}) 7... Nf6 8. Be3 Ng4 9. Bc1 Nf6 10. Be3 Ng4 {[%emt 0:00:54] 10...Nbd7 is becoming the main line.} 1/2-1/2

[Event "13th Chennai Open 2022"]
[Site "Chennai"]
[Date "2022.06.26"]
[Round "10.2"]
[White "Savchenko, Boris"]
[Black "Aronyak Ghosh"]
[Result "1-0"]
[ECO "B17"]
[WhiteElo "2524"]
[BlackElo "2494"]
[Annotator "RC"]
[PlyCount "179"]
[EventDate "2022.06.19"]
[EventType "swiss"]
[EventCountry "IND"]
[SourceTitle "playchess.com"]
[Source "ChessBase"]
[SourceQuality "1"]
[TimeControl "5400+30"]

1. e4 c6 2. Nc3 d5 3. d4 dxe4 4. Nxe4 Nd7 5. Ng5 Ngf6 6. Bc4 e6 7. Qe2 Nb6 8. Bb3 h6 9. N5f3 c5 10. dxc5 Bxc5 11. Ne5 O-O 12. h4 a5 13. c3 a4 14. Bc2 a3 15. b3 Qc7 16. Bd2 Bd4 17. Bh7+ Nxh7 18. cxd4 Qc2 19. Ngf3 Nd5 20. Rc1 Qxa2 21. Qd1 Ra6 22. Nc4 b5 23. Ra1 Qxa1 24. Qxa1 bxc4 25. bxc4 Nb6 26. Bb4 Rd8 27. Nd2 Ra4 28. Bxa3 Nxc4 29. Nxc4 Rxc4 30. O-O Bb7 31. Bc5 Ra8 32. Qb2 Bc6 33. Ra1 Rxa1+ 34. Qxa1 Ra4 35. Qc1 Bd5 36. Be7 Ra8 37. f3 Nf8 38. h5 Re8 39. Qc7 Nh7 40. Bd8 Nf6 41. g4 Bxf3 42. Bxf6 gxf6 43. Qf4 Kg7 44. Qxf3 Rd8 45. Qe4 Rd5 46. Kf2 f5 47. Qg2 fxg4 48. Qxg4+ Rg5 49. Qe2 Kg8 50. Ke3 Kg7 51. Ke4 Kg8 52. Qd1 Kg7 53. Qf3 Kg8 54. Kd3 Kg7 55. Kc3 Kg8 56. Kb4 Kg7 57. Qc3 Kg8 58. Qc5 Kg7 59. Kc4 Kf6 60. Kb5 Rf5 61. Kb6 Kg5 62. Qf8 Kxh5 63. Qg7 Kh4 64. Qxh6+ Kg4 65. d5 exd5 66. Kc5 Kg3 67. Kd4 Kg4 68. Kd3 Kg3 69. Ke3 Rf3+ 70. Kd4 Rf5 71. Kc5 Kg4 72. Kd6 Kg3 73. Qe3+ Kg4 74. Qh6 Kg3 75. Ke7 Kf3 76. Qh4 Ke3 77. Kd6 Kf3 78. Qh3+ Kf4 79. Qg2 Ke3 80. Qg4 Rf4 81. Qg3+ Ke4 82. Qe1+ Kf5 83. Qe5+ Kg4 84. Qg7+ Kf3 85. Kxd5 Rf5+ 86. Kd6 Kf4 87. Qd4+ Kg5 88. Ke7 Rf3 89. Qg1+ Kh4 90. Qh2+ 1-0

[Event "13th Chennai Open 2022"]
[Site "Chennai"]
[Date "2022.06.26"]
[Round "10.3"]
[White "Srihari L R"]
[Black "Gusain, Himal"]
[Result "1-0"]
[ECO "D30"]
[WhiteElo "2404"]
[BlackElo "2396"]
[Annotator "TA"]
[PlyCount "83"]
[EventDate "2022.06.19"]
[EventType "swiss"]
[EventCountry "IND"]
[SourceTitle "playchess.com"]
[Source "ChessBase"]
[SourceQuality "1"]
[TimeControl "5400+30"]

1. d4 {[%emt 1:31:00] Roiz,M} d5 2. c4 e6 3. Nf3 a6 4. g3 dxc4 5. Bg2 b5 6. Ne5 {[%emt 0:00:00] D30: Queen's Gambit Declined: Systems without Nc3.} c6 7. O-O Bb7 8. b3 {[%emt 0:00:00] The position is equal.} cxb3 9. Qxb3 Nf6 10. Rd1 Be7 11. Nc3 O-O 12. Ne4 Qc7 {[%emt 0:00:00] [#]} 13. Bf4 $146 {[%emt 0:00:00][%cal Oe5f7] [#] aiming for Nxf7!} ({Predecessor:} 13. Ng5 a5 14. Bh3 a4 15. Qc2 Bc8 16. Bf4 Qd8 17. Ng4 g6 18. Nxf6+ Bxf6 19. Ne4 {1-0 (38) Nakamura,H (2787)-Lenderman,A (2618) Saint Louis 2016 CBM 172 [Roiz,M]}) 13... Nd5 14. Rac1 Nxf4 15. gxf4 Nd7 16. Nxd7 Qxd7 17. Nc5 Bxc5 18. dxc5 Qc7 19. Rd6 {[%emt 0:00:00][%mdl 1024] White has compensation.} Rad8 20. Qa3 g6 21. e4 a5 22. e5 a4 23. Qc3 Rd7 (23... Qe7 $11) 24. Qd4 Rxd6 25. cxd6 Qd7 26. a3 Rc8 27. Qc5 Kg7 28. Rc3 Qd8 29. Rd3 {[%emt 0:00:00] Black must now prevent d7.} Qd7 30. h4 h5 31. Be4 Rf8 32. Kh2 {[%emt 0:00:00] White is much more active.} f5 $2 {[%emt 0:00:00][%mdl 8192] A mistake that costs the game.} (32... Qd8 $16) 33. exf6+ $1 $18 Rxf6 34. Rg3 {[%emt 0:00:00] Threatening mate with Qe5.} b4 35. Qe5 {[%emt 0:00:00] White mates.} Kf7 {[%emt 0:00:00] [#]} 36. Bxg6+ $1 {[%emt 0:00:00][%mdl 576] Remove Defender} Rxg6 37. Qxh5 Qxd6 38. Qxg6+ {[%emt 0:00:00] KQR-KQB} Ke7 39. Qg7+ Kd8 40. Qxb7 Qxf4 41. Qxb4 Qxf2+ 42. Rg2 {[%emt 0:00:00] Weighted Error Value: White=0.03 (flawless) /Black=0.21 (precise)} 1-0